 Dungeon Crawl Stone Soup version 0.28-a0-1447-ga5a8893891 (webtiles) character file.

Game seed: 15577800241042285160

1027 oldriver the Skirmisher (level 8, -4/64 HPs)
             Began as a Formicid Chaos Knight on Jan 11, 2022.
             Was a Plaything of Xom.
             Slain by a wyvern zombie (11 damage)
             ... on level 6 of the Dungeon.
             The game lasted 00:06:10 (5392 turns).

oldriver the Skirmisher (Formicid Chaos Knight)     Turns: 5392, Time: 00:06:10

Health: -4/64      AC:  7    Str: 18 (20) XL:     8   Next: 47%
Magic:  8/8        EV: 11    Int: 10 (11) God:    Xom [..*...]
Gold:   485        SH:  9    Dex: 12      Spells: 7/7 levels left

rFire   . . .      SeeInvis +   a - +0 hand axe (chaos)
rCold   . . .      Faith    .   c - +0 kite shield
rNeg    . . .      Spirit   .   b - +2 leather armour
rPois   .          Reflect  .   (helmet unavailable)
rElec   .          Harm     .   j - +0 cloak
rCorr   .          Rampage  .   f - +0 pair of gloves
Will    .....                   (no boots)
Stlth   +.........              (no amulet)
HPRegen 0.20/turn               (no ring)
MPRegen 0.11/turn               (no ring)

@: no status effects
A: permanent stasis, dig shafts and tunnels, antennae 3, four strong arms, agile
1
a: Dig, Shaft Self, Renounce Religion


You were on level 6 of the Dungeon.
You worshipped Xom.
You were a toy of Xom.
You visited 1 branch of the dungeon, and saw 7 of its levels.
You also visited: Ossuary.

You collected 485 gold pieces.

Inventory:

Hand Weapons
 a - a +0 hand axe of chaos (weapon)
Armour
 b - a +2 leather armour (worn)
 c - a +0 kite shield (worn)
 f - a +0 pair of gloves (worn)
 j - a +0 cloak (worn)
Scrolls
 h - a scroll of identify
 k - a scroll of silence {unknown}
 n - a scroll of acquirement {unknown}
Potions
 d - 2 potions of brilliance
 g - 4 potions of curing
 i - 2 potions of haste {unknown}
 l - a potion of attraction {unknown}
 m - 2 potions of resistance {unknown}
Miscellaneous
 e - a phantom mirror


   Skills:
 + Level 6.1 Fighting
 + Level 5.6 Axes
 - Level 2.1 Armour
 + Level 4.2 Dodging
 - Level 5.0 Shields


You had 7 spell levels left.
You didn't know any spells.
Your spell library was empty.

Dungeon Overview and Level Annotations

Branches:
Dungeon (7/15)            Ossuary (visited)
 Temple: D:4-7

Altars:

Annotations:
D:4 Pikel


Innate Abilities, Weirdness & Mutations

You cannot be hasted, slowed, berserked, paralysed or teleported.
You can dig through walls and to a lower floor.
You have a pair of large antennae on your head. (SInv)
Your four strong arms can wield two-handed weapons with a shield.
You are agile. (Dex +2)


Message History

You miss the sky beast.
The sky beast is lightly wounded.
The sky beast hits you. The sky beast shocks you.
You hit the sky beast.
The sky beast is moderately wounded.
The sky beast closely misses you.
You hit the sky beast.
The sky beast easily resists.
The sky beast is heavily wounded.
You block the sky beast's attack.
You hit the sky beast but do no damage.
The sky beast is heavily wounded.
The sky beast hits you. The sky beast shocks you.
* * * LOW HITPOINT WARNING * * *
You slash the sky beast!
The sky beast is poisoned.
The sky beast is severely wounded.
You block the sky beast's attack.
You hit the sky beast.
The sky beast is almost dead.
You block the sky beast's attack.
You completely miss the sky beast.
The sky beast is almost dead.
The sky beast hits you.
* * * LOW HITPOINT WARNING * * *
The sky beast shocks you.
* * * LOW HITPOINT WARNING * * *
You hit the sky beast.
You kill the sky beast!
Your Fighting skill increases to level 6!
You see here a sky beast corpse.
You see here a +0 leather armour.
A wyvern zombie comes into view.
The wyvern zombie moves out of view.
You block the wyvern zombie's attack.
You hit the wyvern zombie but do no damage.
The wyvern zombie bites you!
* * * LOW HITPOINT WARNING * * *
You block the wyvern zombie's attack.
You completely miss the wyvern zombie. The wyvern zombie bites you!
You die...
Xom thinks this is hilarious!

... { .. .. #. #. #.##
.## ##### #..#
..##....##. ##Z#
#.##....#.. . #@#
#.##...... #..#####.#
#.##....###
........[####.##.......
...............#....#
....###.>....†......####
... ##......##.......#
#####...()...##..#
##.#.##.#### #.#....#
...#


You could see a wyvern zombie.

Vanquished Creatures
  A yak (D:6)
  A sky beast (D:6)
  An ogre (D:5)
  A centaur (D:5)
  A lemure (D:4)
  A bullfrog (D:6)
  3 scorpions
  A hound (D:5)
  A centaur skeleton (D:5)
  A bullfrog skeleton (D:5)
  An iguana (D:5)
  8 mummies (Ossuary)
  A howler monkey zombie (D:3)
  A howler monkey skeleton (D:4)
  7 adders
  A river rat (D:3)
  A white imp (D:6)
  An adder skeleton (D:3)
  A worm (D:2)
  4 dart slugs
  An orc (D:6)
  4 bats
  4 endoplasms
  4 giant cockroaches
  2 gnoll zombies (Ossuary)
  4 goblins
  5 hobgoblins
  A quokka (D:3)
  5 ball pythons
  3 frilled lizards
  3 hobgoblin zombies (Ossuary)
  9 kobolds
  A kobold zombie (Ossuary)
  2 orc zombies (Ossuary)
  7 rats
93 creatures vanquished.

Notes
Turn   | Place    | Note
-------+----------+-------------------------------------------
     0 | D:1      | oldriver the Formicid Chaos Knight began the quest for the
                  | Orb.
     0 | D:1      | Reached XP level 1. HP: 18/18 MP: 1/1
    66 | D:1      | XOM: silly message
   197 | D:1      | Reached skill level 1 in Dodging
   445 | D:1      | XOM: butterfly on damage
   450 | D:1      | Reached XP level 2. HP: 16/24 MP: 2/2
   614 | D:1      | Found a faded altar of an unknown god.
   614 | D:1      | XOM: god gift: phantom mirror
   720 | D:1      | XOM: god gift: robe {god gift}
   736 | D:1      | XOM: cloud trail
   895 | D:1      | Reached skill level 1 in Shields
  1060 | D:2      | Reached XP level 3. HP: 29/29 MP: 3/3
  1165 | D:2      | XOM: scenery: summon butterflies
  1197 | D:2      | XOM: cloud trail
  1368 | D:2      | XOM is BORED!
  1368 | D:2      | XOM: summons 2 hostile demons
  1369 | D:2      | Noticed an orange demon
  1431 | D:1      | XOM: god gift: 23 sling bullets
  1530 | D:2      | XOM: draining
  1581 | D:2      | Reached XP level 4. HP: 15/34 MP: 4/4
  2390 | D:2      | XOM: silly message
  2461 | D:3      | Reached skill level 4 in Fighting
  2479 | D:3      | XOM: polymorph ball python -> river rat
  2595 | D:3      | XOM: polymorph endoplasm -> adder
  2606 | D:3      | Reached XP level 5. HP: 40/42 MP: 5/5
  2781 | D:3      | XOM: give mutation
  2781 | D:3      | Gained mutation: You are agile. (Dex +2) [Xom's grace]
  2957 | D:4      | XOM: potion effect (brilliance)
  2963 | D:4      | Reached XP level 6. HP: 49/49 MP: 6/6
  3469 | D:4      | Noticed Pikel
  3469 | D:4      | XOM: potion effect (might)
  3485 | D:4      | XOM: potion effect (invisibility)
  3487 | D:5      | Entered Level 5 of the Dungeon
  3786 | D:5      | XOM: divination: magic mapping
  3896 | D:5      | XOM: silly message
  3947 | D:5      | XOM: enchant monster (good)
  3956 | D:5      | Noticed an ogre
  3964 | D:5      | XOM: potion effect (heal wounds)
  3966 | D:5      | Killed an ogre
  3967 | D:5      | Reached skill level 5 in Fighting
  3967 | D:5      | Reached XP level 7. HP: 56/56 MP: 7/7
  4032 | D:5      | Found a sand-covered staircase.
  4041 | Ossuary  | Entered an ossuary
  4523 | Ossuary  | XOM: cloud trail
  4641 | Ossuary  | XOM: scenery: 1 doors close
  4827 | D:5      | Reached skill level 5 in Axes
  4827 | D:5      | Reached XP level 8. HP: 55/63 MP: 8/8
  4874 | D:5      | XOM: god gift: 12 gold pieces
  5017 | D:5      | Noticed a yak
  5020 | D:5      | Noticed a yak
  5021 | D:5      | Noticed a yak
  5031 | D:5      | XOM: potion effect (heal wounds)
  5049 | D:6      | Killed a yak
  5057 | D:6      | XOM: potion effect (brilliance)
  5060 | D:6      | Reached skill level 5 in Shields
  5207 | D:6      | XOM: cloud trail
  5375 | D:6      | Reached skill level 6 in Fighting
  5392 | D:6      | Slain by a wyvern zombie

Illustrated notes

Levels and vault maps discovered:
D:1:      sevenhm_arrival_forest_fort_small_3, layout_loops_ring,
          hellmonk_ecumenical_altar_blasted
D:2:      layout_loops_ring, serial_glass, glass_columns_a, glass_columns_a,
          glass_columns_a, glass_columns_a, glass_columns_b, glass_columns_a,
          glass_columns_b, glass_columns_a, grunt_decor_fettered,
          grunt_decor_resistance
D:3:      layout_rooms, minmay_unequal
D:4:      layout_basic, uniq_pikel
D:5:      layout_loops_corners, nicolae_ossuary_entry_ruins, grunt_tough_drop,
          uniq_grinder
D:6:      layout_rooms, marbit_many_paths, temple_statues, serial_shops, shop,
          grunt_ministairs_5, mrwooster_statue_mirror, minmay_shop_damaged
D:7:      layout_loops_corners, minmay_crossroads

Skill      XL: |  1  2  3  4  5  6  7  8 |
---------------+-------------------------+-----
Dodging        | 1 2 3 4 |  4.2
Shields        | 1 2 3 4 5 |  5.0
Fighting       | 4 5 6 |  6.1
Axes           | 4 5 |  5.6
Armour         | |  2.1

Action                   |  1- 3 |  4- 6 |  7- 9 || total
-------------------------+-------+-------+-------++-------
Melee: Hand axe          |    79 |   155 |   115 ||   349
  Use: Potion            |       |     1 |     3 ||     4
       Scroll            |       |     5 |     2 ||     7
 Stab: Paralysed         |       |       |     2 ||     2
       Petrified         |       |       |     9 ||     9
       Petrifying        |       |       |     1 ||     1
Armor: Leather armour    |    33 |    55 |    17 ||   105
       Skin              |       |       |    10 ||    10
Dodge: Dodged            |    38 |    73 |    37 ||   148
Block: Kite shield       |    24 |    61 |    48 ||   133

Table legend: (Time is in decaauts)
 A = Elapsed time spent in this place.
 B = Non-inter-level travel time spent in this place.
 C = Inter-level travel time spent in this place.
 D = Time resting spent in this place.
 E = Time spent auto-exploring this place.
 F = Levels seen in this place.
 G = Mean time per level.
                   A        B        C        D        E       F      G
               +--------+--------+--------+--------+--------+-----+--------+
         Total |   5470 |   5331 |    139 |   1448 |   2779 |   8 |  683.8 |
       Dungeon |   4819 |   4680 |    139 |   1145 |   2537 |   7 |  688.4 |
       Ossuary |    651 |    651 |      0 |    303 |    242 |   1 |  651.0 |
               +--------+--------+--------+--------+--------+-----+--------+

Top non-repeatable levels by time:
     D:2: 1305 daAuts
     D:1: 1163 daAuts
     D:5: 912 daAuts
 Ossuary: 651 daAuts
     D:4: 541 daAuts
     D:3: 528 daAuts
     D:6: 358 daAuts
     D:7: 9 daAuts
